 Dungeon Crawl Stone Soup version 0.32-a0-433-g08bcfe7efd (webtiles) character file.

Game seed: 566816579827090605

27 zenocrate the Sneak (level 3, 23/23 HPs)
             Began as a Kobold Delver on Feb 22, 2024.
             Quit the game on level 5 of the Dungeon.
             The game lasted 00:00:10 (58 turns).

zenocrate the Sneak (Kobold Delver)                   Turns: 58, Time: 00:00:11

Health: 23/23      AC:  3    Str:  9    XL:     3   Next: 25%
Magic:  3/3        EV: 15    Int: 11    God:
Gold:   0          SH:  0    Dex: 18    Spells: 2/2 levels left

rFire   . . .        a - +0 short sword
rCold   . . .        (no shield)
rNeg    . . .        b - +0 leather armour
rPois   .            (no helmet)
rElec   .            (no cloak)
rCorr   .            (no gloves)
SInv    .            (no boots)
Will    .....        (no amulet)
Stlth   ++++         (no ring)
HPRegen 0.23/turn    (no ring)
MPRegen 0.08/turn

%: no passive effects
@: no status effects
A: small, no large weapons, nightstalker 3
a: no special abilities


You were on level 5 of the Dungeon.
You visited 1 branch of the dungeon, and saw 1 of its levels.

Inventory:

Hand Weapons
 a - a +0 short sword (weapon)
Missiles
 i - 2 poisoned darts (quivered)
Armour
 b - a +0 leather armour (worn)
Wands
 g - a wand of digging (3)
 h - a wand of charming (7)
Scrolls
 c - a scroll of fog
 d - a scroll of revelation
 e - a scroll of fear
Potions
 f - a potion of haste


   Skills:
 + Level 3.6 Fighting
 + Level 3.3 Short Blades
 + Level 3.0 Dodging
 + Level 6.9 Stealth


You had 2 spell levels left.
You didn't know any spells.
Your spell library was empty.

Dungeon Overview and Level Annotations

Branches:
Dungeon (5/15)
 Temple: D:4-7

Altars:


Innate Abilities, Weirdness & Mutations

You are small and have problems with some larger weapons.
You are completely attuned to the shadows.


Message History

Welcome, zenocrate the Kobold Delver.
The terrific Orb of Zot lies far below, as if waiting for you to find it.
Press ? for a list of commands and other information.
Found a stone staircase leading down.
Found a stone staircase leading down.
Ijyb the Inquisitive comes into view.
She is wielding a +0 club and carrying a wand of charming.
The helpless Ijyb fails to defend herself.
You impale Ijyb!!
Ijyb is almost dead.
Unknown command.
You hit Ijyb.
You kill Ijyb!
Your Short Blades skill increases to level 3!
Your Dodging skill increases to level 3!
You have reached level 2!
You have reached level 3!
Your experience leads to an increase in your attributes!
Increase (S)trength, (I)ntelligence, or (D)exterity?
You feel agile. x2
h - a wand of charming (7)
Things that are here:
a +0 club; a +0 leather armour
i - 2 poisoned darts
Okay, then.
Are you sure you want to abandon this character and quit the game? (Confirm with "yes".)

###### ....># ####.#
# #.#
.#.#######.##########
....@................
...##########.......#
## #######.# ###..#
#....# #.#### #.# #.#
#.#


There were no monsters in sight!

Vanquished Creatures
  Ijyb (D:5)
1 creature vanquished.

Notes
Turn   | Place    | Note
-------+----------+-------------------------------------------
     0 | D:5      | zenocrate the Kobold Delver began the quest for the Orb.
     0 | D:5      | Reached XP level 1. HP: 14/14 MP: 1/1
    29 | D:5      | Noticed Ijyb
    32 | D:5      | Killed Ijyb
    33 | D:5      | Reached XP level 2. HP: 19/19 MP: 2/2
    33 | D:5      | Reached XP level 3. HP: 23/23 MP: 3/3
    58 | D:5      | Quit the game

Illustrated notes

Levels and vault maps discovered:
D:5:      layout_loops_ring, nicolae_overflow_hidden_temple, serial_shops,
          kennysheep_little_box, reono_crystal_passage,
          serial_library_hellmonk_metal_room, uniq_ijyb, uniq_prince_ribbit1,
          uniq_edmund

Skill      XL: |  1 |
---------------+----+-----
Short Blades   | 3 |  3.3
Dodging        | 3 |  3.0
Fighting       | |  3.6
Stealth        | |  6.9

Action                     || total
---------------------------++-------
  Melee: Short sword       ||     2
   Stab: Sleeping          ||     1

Table legend: (Time is in decaauts)
 A = Elapsed time spent in this place.
 B = Non-inter-level travel time spent in this place.
 C = Inter-level travel time spent in this place.
 D = Time resting spent in this place.
 E = Time spent auto-exploring this place.
 F = Levels seen in this place.
 G = Mean time per level.
                   A        B        C        D        E       F      G
               +--------+--------+--------+--------+--------+-----+--------+
         Total |     57 |     57 |      0 |      0 |     50 |   1 |   57.0 |
       Dungeon |     57 |     57 |      0 |      0 |     50 |   1 |   57.0 |
               +--------+--------+--------+--------+--------+-----+--------+

Top non-repeatable levels by time:
     D:5: 57 daAuts
